 Dungeon Sprint DCSS version 0.27-a0-1196-g3e9cee4cb2 (webtiles) character file.

Game seed: 12059893680930285849

29 night the Sneak (level 3, -4/26 HPs)
             Began as an Octopode Brigand on May 29, 2021.
             Slain by a phantom (6 damage)
             ... in the Dungeon (Sprint III: "The Ten Rune Challenge").
             The game lasted 00:00:52 (208 turns).

night the Sneak (Octopode Brigand)                   Turns: 208, Time: 00:00:53

Health: -4/26      AC:  1    Str: 10    XL:     3   Next: 16%
Magic:  3/3        EV: 13    Int: 14    God:
Gold:   0          SH:  0    Dex: 13    Spells: 2/2 levels left

rFire    . . .     SeeInvis .   a - +2 dagger
rCold    . . .     Faith    .   (no shield)
rNeg     . . .     Spirit   .   (helmet restricted)
rPois    .         Reflect  .   (no amulet)
rElec    .         Harm     .   (no ring)
rCorr    .         Rampage  .   (no ring)
Will     .....     NoTele   +   (no ring)
Stlth    ++++......             (no ring)
HPRegen  0.08/turn              (no ring)
MPRegen  0.08/turn              (no ring)
                                (no ring)
                                (no ring)

@: no status effects
A: almost no armour, amphibious, 8 rings, camouflage 1, gelatinous body 1,
(nimble swimmer 1), tentacles
a: no special abilities


You were in the Dungeon.
You visited 1 branch

Inventory:

Hand Weapons
 a - a +2 dagger (weapon)
Missiles
 b - 8 poisoned darts (quivered)
 c - 2 curare-tipped darts
Scrolls
 i - a scroll of blinking
Potions
 d - a potion of curing
 e - a potion of heal wounds
 f - a potion of haste
 g - 2 potions of magic
 h - a potion of berserk rage


   Skills:
 + Level 3.5 Fighting
 + Level 3.4 Short Blades
 - Level 2.2 Throwing
 + Level 3.0 Dodging
 + Level 6.8 Stealth


You had 2 spell levels left.
You didn't know any spells.
Your spell library was empty.

Dungeon Overview and Level Annotations

Branches:
Dungeon (1/1)

Altars:


Innate Abilities, Weirdness & Mutations

You cannot wear most types of armour.
You are amphibious.
You can wear up to eight rings at the same time.
Your skin changes colour to match your surroundings (Stealth+).
Your rubbery body absorbs attacks. (AC +1, EV +1)
((You are camouflaged near water. (Stealth+)))
You have tentacles for arms and can constrict up to eight enemies at once.


Message History

The rat barely misses you.
You hit the rat. Your grab misses the rat.
The rat is heavily wounded.
The rat bites you.
You hit the rat but do no damage. Your grab misses the rat.
The rat is heavily wounded.
You hit the rat.
You kill the rat!
Your Dodging skill increases to level 3!
You see here a rat corpse.
You start resting.
HP restored.
Things that are here:
a +0 dagger; a +0 robe; the human corpse of Jessica A human comes into view.
A phantom comes into view.
The phantom hits you.
You closely miss the phantom. The phantom closely misses you.
You hit the phantom but do no damage. The phantom hits you.
You are too injured to fight recklessly!
You hit the phantom.
The phantom is lightly damaged.
The human shouts!
The phantom hits you!
* * * LOW HITPOINT WARNING * * *
You hit the phantom but do no damage.
The phantom is lightly damaged.
You barely miss the phantom.
The phantom is lightly damaged.
The phantom misses you.
You closely miss the phantom. The phantom misses you.
You hit the phantom.
The phantom is heavily damaged.
The human hits you.
* * * LOW HITPOINT WARNING * * *
The phantom closely misses you.
You closely miss the phantom.
The phantom is heavily damaged.
The human barely misses you. The phantom hits you.
You die...

▓...#......##
▓..##...†...# ..#
▓##.##.##..)# ..#
##.##.###..# #..#
▓#.####.##..# ...+
▓.###..##..####...#
▓#.....##..###....#
###..##...##.p...#
##..##....#..@...#
#..###..##.#..W..#
#|.# #.. ####....#
▓▓▓▓ ▓▓▓ ▓▓▓▓▓▓


You could see a human and a phantom.

Vanquished Creatures
  Jessica (D)
  2 endoplasms (D)
  A rat (D)
4 creatures vanquished.

Vanquished Creatures (others)
  A plant (D)
1 creature vanquished.

Grand Total: 5 creatures vanquished

Notes
Turn   | Place    | Note
-------+----------+-------------------------------------------
     0 | D        | night the Octopode Brigand began the quest for the Orb.
     0 | D        | Reached XP level 1. HP: 14/14 MP: 1/1
    24 | D        | Noticed Jessica
    32 | D        | Killed Jessica
    33 | D        | Reached skill level 2 in Dodging
    33 | D        | Reached skill level 6 in Stealth
    33 | D        | Reached XP level 2. HP: 11/21 MP: 2/2
    33 | D        | Reached XP level 3. HP: 14/26 MP: 3/3
   207 | D        | HP: 2/26 [human (5)]
   208 | D        | Slain by a phantom

Illustrated notes

Levels and vault maps discovered:
D:        dungeon_sprint_mu [sprint_mu_entry_cave, sprint_mu_temple_rooms,
          sprint_mu_d1_horrors, sprint_mu_d2_genie, sprint_mu_d3_branching,
          sprint_mu_orc_legion, sprint_mu_elf_gauntlet, sprint_mu_hive_nellie,
          sprint_mu_lair_fedhas, sprint_mu_vaults_butterflies,
          sprint_mu_slime_circle, sprint_mu_swamp_cave, sprint_mu_shoals_archi,
          sprint_mu_blade_basic, sprint_mu_crypt_lich, sprint_mu_tomb_spiral,
          sprint_mu_vestibule_basic, sprint_mu_gehenna_hellfire,
          sprint_mu_dis_giant, sprint_mu_tartarus_statrot,
          sprint_mu_cocytus_islands, sprint_mu_zot1]

Skill      XL: |  1  2  3 |
---------------+----------+-----
Fighting       | 3 |  3.5
Short Blades   | 3 |  3.4
Dodging        | 2 3 |  3.0
Stealth        | 6 |  6.8
Throwing       | |  2.2

Action                   || total
-------------------------++-------
Melee: Dagger            ||    17
       Constrict         ||     1
 Stab: Sleeping          ||     2
Dodge: Dodged            ||     8

Table legend: (Time is in decaauts)
 A = Elapsed time spent in this place.
 B = Non-inter-level travel time spent in this place.
 C = Inter-level travel time spent in this place.
 D = Time resting spent in this place.
 E = Time spent auto-exploring this place.
 F = Levels seen in this place.
 G = Mean time per level.
                   A        B        C        D        E       F      G
               +--------+--------+--------+--------+--------+-----+--------+
         Total |    205 |    202 |      3 |    142 |     20 |   1 |  205.0 |
       Dungeon |    205 |    202 |      3 |    142 |     20 |   1 |  205.0 |
               +--------+--------+--------+--------+--------+-----+--------+

Top non-repeatable levels by time:
       D: 205 daAuts
